 Dungeon Crawl Stone Soup version 0.20-a0-251-g16a58bf (webtiles) character file.

1482 Ijustatesigmund the Chopper (level 8, 0/81 HPs)
             Began as a Minotaur Monk on Nov 30, 2016.
             Was a Priest of Okawaru.
             Slain by a jumping spider (10 damage)
             ... summoned by a worldbinder
             ... on level 1 of the Abyss.
             The game lasted 00:12:56 (4588 turns).

Ijustatesigmund the Chopper (Minotaur Monk)         Turns: 4588, Time: 00:12:58

Health: 0/81       AC:  9    Str: 18    XL:     8   Next: 50%
Magic:  10/10      EV:  6    Int:  9    God:    Okawaru [***...]
Gold:   291        SH:  0    Dex: 15    Spells: 7/7 levels left

rFire  . . .     SeeInvis +     a - +1 hand axe
rCold  . . .     Gourm    .     b - +1 ring mail {rPois}
rNeg   . . .     Faith    .     (no shield)
rPois  +         Spirit   .     (helmet restricted)
rElec  .         Reflect  .     (no cloak)
rCorr  .         Harm     .     o - +0 pair of gloves
MR     .....                    j - +0 pair of boots {run}
Stlth  +.........               s - amulet of rage
                                u - ring of see invisible
                                i - +2 ring of strength

@: held, quick
A: retaliatory headbutt, horns 2, clever 1, robust 1
a: Heroism, Renounce Religion, Evoke Berserk Rage


You were on level 1 of the Abyss.
You worshipped Okawaru.
Okawaru was most pleased with you.
You were hungry.

You visited 1 branch of the dungeon, and saw 6 of its levels.
You visited the Abyss 1 time.

You collected 291 gold pieces.

Inventory:

Hand Weapons
 a - a +1 hand axe (weapon)
Missiles
 g - 10 tomahawks (quivered)
 q - a throwing net
Armour
 b - a +1 ring mail of poison resistance (worn)
 j - a +0 pair of boots of running (worn)
 o - a +0 pair of gloves (worn)
Jewellery
 i - a +2 ring of strength (left hand)
 p - an uncursed ring of poison resistance
 s - an amulet of rage (around neck)
 u - a ring of see invisible (right hand)
Wands
 m - a wand of acid (9/15)
 n - a wand of flame (16/48)
 v - a wand of polymorph (10/24)
Scrolls
 e - 2 scrolls of teleportation
 r - a scroll of amnesia
Potions
 f - a potion of mutation
 k - 2 potions of magic
 w - 2 potions of curing
Comestibles
 c - 3 bread rations
 d - 2 fruits


   Skills:
 - Level 7.6 Fighting
 - Level 7.7 Axes
 + Level 5.7 Armour
 - Level 3.2 Dodging
 - Level 1.5 Stealth
 + Level 4.7 Invocations


You had 7 spell levels left.
You didn't know any spells.

Dungeon Overview and Level Annotations

Branches:
Dungeon (6/15)             Temple (0/1) D:5

Altars:
Ashenzari
Elyvilon
Gozag
Okawaru
Trog
Xom
Yredelemnul
Zin
The Shining One

Shops:
D:6 (

Annotations:
D:6 Edmund


Innate Abilities, Weirdness & Mutations

You reflexively headbutt those who attack you in melee.
You have a pair of horns on your head.
Your mind is acute. (Int +2)
You are robust. (+10% HP)


Message History

You are too injured to fight recklessly!
You feel much better. The jumping spider pounces on you!
You are caught in a web!
The jumping spider bites you but does no damage.
The jumping spider pounces on you.
You are even more entangled.
The jumping spider bites you. The worldbinder barely misses you.
The worldbinder hits you.
* * * LOW HITPOINT WARNING * * *
The tarantella bites you.
* * * LOW HITPOINT WARNING * * *
The jumping spider pounces on you.
* * * LOW HITPOINT WARNING * * *
The jumping spider barely misses you.
The worldbinder hits you but does no damage. x2
The jumping spider pounces on you.
* * * LOW HITPOINT WARNING * * *
The jumping spider bites you.
* * * LOW HITPOINT WARNING * * *
The jumping spider pounces on you!
You die...

... . v..?.... ...
.. ....... .. ....
........... #..s.
.....# ..#
##...###..s###...##
......#.....#....
......xs..........
.....vx@...........
.....§sss....... ..
#.v...#.....#.....
##...###...## .. #
#.... #.....# .
.............. ...
........... ... ..
....... ... .....#


You could see a spatial vortex, an orb spider, 2 worldbinders, 3 jumping
spiders, 2 tarantellas and an insubstantial wisp.

Vanquished Creatures
  A smoke demon (Abyss:1)
  A hippogriff (D:4)
  An insubstantial wisp (Abyss:1)
  A sky beast (D:6)
  An ogre (D:5)
  A small abomination (Abyss:1)
  2 howler monkeys (D:4)
  2 crimson imps
  A centaur zombie (D:3)
  A jelly (D:5)
  A hound (D:5)
  An orc priest (D:4)
  4 orc wizards
  A worker ant (D:3)
  A hound zombie (D:5)
  A worker ant zombie (D:6)
  Robin (D:2)
  8 adders
  4 gnolls (D:5)
  2 white imps (Abyss:1)
  3 oozes
  2 worms
  2 dart slugs
  A leopard gecko (D:5)
  13 orcs
  2 giant cockroaches
  7 goblins
  7 hobgoblins
  4 jackals (D:1)
  7 kobolds
  3 quokkas
  5 bats
  7 frilled lizards
  A jackal zombie (D:6)
  A quokka skeleton (D:4)
  A quokka zombie (D:5)
  7 rats
109 creatures vanquished.

Notes
Turn   | Place    | Note
-------+----------+-------------------------------------------
     0 | D:1      | Ijustatesigmund the Minotaur Monk began the quest for the Orb.
     0 | D:1      | Reached XP level 1. HP: 19/19 MP: 0/0
    74 | D:1      | Reached XP level 2. HP: 26/27 MP: 1/1
   658 | D:1      | Found a shimmering altar of Xom.
   660 | D:1      | Found an opulent altar of Gozag.
   660 | D:1      | Found a glowing silver altar of Zin.
   662 | D:1      | Found a bloodstained altar of Trog.
   662 | D:1      | Found a shattered altar of Ashenzari.
   662 | D:1      | Found a glowing golden altar of the Shining One.
   752 | D:2      | Reached XP level 3. HP: 34/34 MP: 2/2
   755 | D:2      | Noticed Robin
   763 | D:2      | Gained mutation: You are robust. (+10% HP) [potion of beneficial mutation]
   772 | D:2      | Killed Robin
  1092 | D:2      | Reached XP level 4. HP: 38/45 MP: 3/3
  1103 | D:2      | Reached skill level 5 in Fighting
  1103 | D:2      | Reached skill level 5 in Axes
  1236 | D:2      | Identified a +0 pair of boots of running (You found it on level 2 of the Dungeon)
  1496 | D:2      | Found a basalt altar of Yredelemnul.
  1920 | D:3      | Reached XP level 5. HP: 52/52 MP: 4/4
  2114 | D:3      | Found an iron altar of Okawaru.
  2122 | D:3      | Became a worshipper of Warmaster Okawaru
  2122 | D:3      | Reached * piety under Okawaru
  2122 | D:3      | Reached ** piety under Okawaru
  2590 | D:4      | Gained mutation: Your mind is acute. (Int +2) [potion of beneficial mutation]
  2612 | D:4      | Reached XP level 6. HP: 48/62 MP: 5/5
  2628 | D:4      | Noticed a hippogriff
  2633 | D:4      | Killed a hippogriff
  2811 | D:4      | Reached XP level 7. HP: 60/72 MP: 6/6
  3098 | D:5      | Entered Level 5 of the Dungeon
  3159 | D:5      | Found a staircase to the Ecumenical Temple.
  3364 | D:5      | Reached skill level 1 in Armour
  3364 | D:5      | Reached skill level 1 in Invocations
  3520 | D:5      | Found a white marble altar of Elyvilon.
  3600 | D:5      | Reached *** piety under Okawaru
  3785 | D:6      | Found Ossir's Weapon Shop.
  3941 | D:6      | Noticed Edmund
  3945 | D:6      | Cast into level 1 of the Abyss (Edmund)
  4003 | Abyss:1  | Reached XP level 8. HP: 38/81 MP: 9/9
  4035 | Abyss:1  | Noticed a demonic crawler
  4038 | Abyss:1  | Found a corrupted altar of Lugonu.
  4169 | Abyss:1  | Noticed a smoke demon
  4185 | Abyss:1  | Killed a smoke demon
  4185 | Abyss:1  | Reached skill level 5 in Armour
  4288 | Abyss:1  | Noticed a thrashing horror
  4301 | Abyss:1  | Noticed a raiju
  4301 | Abyss:1  | Noticed a raiju
  4309 | Abyss:1  | Noticed a worldbinder
  4577 | Abyss:1  | Noticed a worldbinder
  4582 | Abyss:1  | Noticed a worldbinder
  4583 | Abyss:1  | Noticed a jumping spider
  4583 | Abyss:1  | Noticed a jumping spider
  4584 | Abyss:1  | Noticed an orb spider
  4584 | Abyss:1  | Noticed a jumping spider
  4584 | Abyss:1  | Noticed a jumping spider
  4586 | Abyss:1  | Noticed an orb spider
  4588 | Abyss:1  | Slain by a jumping spider

Vault maps used:
D:1:      dpeg_arrival_line_fractal, hangedman_abyss_or_decor_stabs,
          doesnt_xom_only_xom
D:2:      lemuel_round_altar, eino_tiny_chamber, uniq_robin
D:3:      minmay_door_path, okawaru_gym_becter, kennysheep_generic_room_5
D:5:      nicolae_overflow_hidden_temple, first_bread
D:6:      kiku_gazebo_garden_becter, nicolae_ossuary_entry_false_entrances,
          serial_shops, shop_statue, shop, lightli_sewer_entry_pipes,
          nicolae_sextant, uniq_edmund

Skill      XL: |  1  2  3  4  5  6  7  8 |
---------------+-------------------------+-----
Axes           | 4 5 6 7 |  7.7
Fighting       | 4 5 6 7 |  7.6
Armour         | 3 5 |  5.7
Invocations    | 3 4 |  4.7
Dodging        | |  3.2
Stealth        | |  1.5

Action                   |  1- 3 |  4- 6 |  7- 9 || total
-------------------------+-------+-------+-------++-------
Melee: Hand axe          |    72 |    95 |   132 ||   299
       Headbutt          |     8 |    26 |    34 ||    68
       Punch             |       |       |     1 ||     1
Invok: Heroism           |       |       |     1 ||     1
  Use: Scroll            |     2 |     8 |     9 ||    19
       Potion            |     2 |     3 |     2 ||     7
 Stab: Distracted        |     1 |       |       ||     1
       Sleeping          |       |     1 |       ||     1
  Eat: Chunk             |       |     5 |     3 ||     8
       Fruit             |       |     1 |       ||     1
       Pizza             |       |       |     1 ||     1
Armor: Robe              |    10 |       |       ||    10
       Skin              |    21 |       |       ||    21
       Ring mail         |       |    29 |    48 ||    77
Dodge: Dodged            |    33 |    64 |    79 ||   176
